 Dungeon Crawl Stone Soup version 0.29-a0-106-g0a07039d5a (webtiles) character file.

Game seed: 6055997494252689361

5838 drugrobin the Spear-Bearer (level 10, -1/109 HPs)
             Began as a Demigod Warper on Feb 16, 2022.
             Killed from afar by a gargoyle (6 damage)
             ... with a stone arrow
             ... on level 8 of the Dungeon.
             The game lasted 00:27:47 (13450 turns).

drugrobin the Spear-Bearer (Demigod Warper)        Turns: 13450, Time: 00:27:47

Health: -1/109     AC: 25    Str: 20    XL:     10   Next: 27%
Magic:  15/15      EV:  2    Int: 15    God:
Gold:   247        SH:  0    Dex: 17    Spells: 4/12 levels left

rFire   . . .      SeeInvis .   z - +0 halberd
rCold   . . .      Faith    .   (shield currently unavailable)
rNeg    + . .      Spirit   .   (armour currently unavailable)
rPois   +          Reflect  .   (helmet currently unavailable)
rElec   .          Harm     .   (cloak currently unavailable)
rCorr   .          Rampage  .   (gloves currently unavailable)
Will    +....      NoTele   +   (boots currently unavailable)
Stlth   ++........              (no amulet)
HPRegen 0.28/turn               D - ring of positive energy
MPRegen 0.14/turn               (no ring)

@: mighty, tree-form, studying Unarmed Combat
A: stationary, stasis, torment immunity, boosted hp, high MP 1, forlorn, divine
attributes
a: no special abilities


You were on level 8 of the Dungeon.
You were a tree.
You visited 1 branch of the dungeon, and saw 8 of its levels.

You collected 509 gold pieces.
You spent 262 gold pieces at shops.

Inventory:

Hand Weapons
 a - a +0 spear
 b - a +1 hunting sling of freezing
 z - a +0 halberd (weapon)
 I - a +1 hand axe of flaming
Missiles
 d - 23 boomerangs of dispersal
 f - 288 stones
 h - 77 sling bullets
 k - 13 poisoned darts
 l - 93 bolts
 m - a throwing net
 B - 8 boomerangs (quivered)
Armour
 j - a +2 pair of boots (melded)
 y - a +2 hat (melded)
 J - +0 steam dragon scales (melded)
 K - a +0 cloak of willpower (melded)
 N - a +1 pair of gloves (melded)
Jewellery
 D - a ring of positive energy (left branch)
Wands
 C - a wand of acid (3)
Scrolls
 c - a scroll of blinking
 g - 4 scrolls of identify
 i - 4 scrolls of vulnerability
 n - 2 scrolls of fog {unknown}
 o - 3 scrolls of amnesia {unknown}
 r - a scroll of enchant armour
 v - 3 scrolls of teleportation {unknown}
 E - 2 scrolls of magic mapping {unknown}
 F - a scroll of immolation {unknown}
 H - a scroll of fear {unknown}
 L - a scroll of acquirement {unknown}
Potions
 e - 2 potions of lignification
 p - a potion of might
 q - 2 potions of heal wounds {unknown}
 s - 5 potions of curing
 t - a potion of cancellation {unknown}
 u - 3 potions of ambrosia {unknown}
 w - a potion of magic {unknown}
 x - 2 potions of flight {unknown}
 A - 3 potions of brilliance {unknown}
 G - 2 potions of degeneration {unknown}
 M - a potion of invisibility {unknown}


   Skills:
 - Level 1.7 Fighting
 + Level 10.7 Polearms
 - Level 0.8 Throwing
 - Level 0.8 Armour
 - Level 1.7 Dodging
 - Level 1.7 Spellcasting
 + Level 10.5 Translocations


You had 4 spell levels left.
You knew the following spells:

 Your Spells              Type           Power      Damage    Failure   Level
a - Blink                 Tloc           64%        N/A       1%          2
b - Teleport Other        Tloc           32%        N/A       1%          3
c - Gell's Gravitas       Tloc           32%        N/A       1%          3

Your spell library contained the following spells:

 Spells                   Type           Power      Damage    Failure   Level
 Lesser Beckoning         Tloc           32%        N/A       1%          3
 Shock                    Conj/Air       4%         1d3       22%         1
 Ensorcelled Hibernation  Hex/Ice        2%         N/A       34%         2
 Passwall                 Tmut/Erth      0%         N/A       34%         2
 Swiftness                Air            1%         N/A       56%         3
 Airstrike                Air            0%         N/A       92%         4
 Manifold Assault         Tloc           32%        N/A       9%          5
 Malign Gateway           Summ/Tloc      8%         N/A       100%        7
 Summon Horrible Things   Summ           0%         N/A       100%        8


Dungeon Overview and Level Annotations

Branches:
Dungeon (8/15)             Temple (0/1) D:5
   Lair: D:8-11

Shops:
D:7 [

Annotations:
D:5 2 transporters, robertstho's ghost, weakling TrDe
D:6 2 transporters
D:7 Harold


Innate Abilities, Weirdness & Mutations

You are a tree.
Your roots penetrate the ground, keeping you stationary.
You cannot be teleported.
You are immune to unholy pain and torment.
Your maximum health is greatly increased.
Your equipment is partially melded.
You have an increased reservoir of magic. (+10% MP)
You shall have no god before yourself.
Your divine heritage dramatically boosts your attributes as you level up.


Message History

Your +2 pair of boots melds into your body.
Your +0 steam dragon scales melds into your body.
You feel less strong-willed.
Your roots penetrate the ground.
The gargoyle hurls a stone arrow at you.
The stone arrow hits you but does no damage.
Unknown command.
Unknown command.
Unknown command.
You hit the gargoyle but do no damage.
The gargoyle is almost destroyed.
The gargoyle hits you but does no damage.
Unknown command.
Unknown command.
Unknown command.
Unknown command.
Unknown command.
Unknown command.
Unknown command.
You barely miss the gargoyle.
The gargoyle is almost destroyed.
Unknown command.
Unknown command.
Unknown command.
You hit the gargoyle.
You destroy the gargoyle!
Unknown command.
Unknown command.
You impale the gargoyle!!
The gargoyle is severely damaged.
The gargoyle hurls a stone arrow at you.
The stone arrow hits you!
* * * LOW HITPOINT WARNING * * *
Unknown command.
Unknown command.
Unknown command.
You hit the gargoyle.
The gargoyle is almost destroyed.
The gargoyle hurls a stone arrow at you.
The stone arrow hits you.
You die...

... ... #######.###
#.# #P.9.P#.#.# ..#
#.#D#.#...# #.#
#9#)#.#.#####.+ #
#.###.#....##.# #.
P...P#..#....#
#..###'###.#.#.#.####
#...♣9....(#.#.#.....
#...##.####..##.##..#
#..####..[##.#.#.#.##
#........#####.#.####
#..##.#.#.#...#.#.###
#..#.#.####..#.#..#..
#...........#.#...##.
#..#######.#.#.....#.
#..# #.#.#.#..#.#


You could see a gargoyle.

Vanquished Creatures
  Pikel (D:8)
  A gargoyle (D:8)
  Maggie (D:6)
  A queen bee (shapeshifter) (D:8)
  Prince Ribbit (D:6)
  A wyvern (D:8)
  A water moccasin (D:7)
  A sky beast (D:8)
  5 ice beasts
  7 ogres
  4 necrophages
  A black bear (D:6)
  5 centaurs
  6 kobold brigands
  A bullfrog (D:8)
  A scorpion (D:4)
  A wyvern skeleton (D:7)
  A water moccasin zombie (D:5)
  A water moccasin skeleton (D:6)
  6 killer bees (D:8)
  4 wights (D:7)
  2 howler monkeys (D:4)
  3 gnoll shamans
  A centaur skeleton (D:7)
  2 jellies
  5 orc priests
  2 centaur zombies
  4 hounds
  2 iguanas
  5 orc wizards
  2 killer bee zombies (D:6)
  A hound skeleton (D:4)
  A howler monkey zombie (D:6)
  13 gnolls
  6 adders
  A shadow imp (D:6)
  A white imp (D:6)
  An ufetubus (D:4)
  An adder skeleton (D:4)
  3 worms
  4 dart slugs
  21 orcs
  5 endoplasms
  9 giant cockroaches
  6 goblins
  4 hobgoblins
  10 jackals
  15 kobolds
  3 quokkas
  9 ball pythons
  3 bats
  3 frilled lizards
  4 rats
  A spectral kobold (D:3)
204 creatures vanquished.

Vanquished Creatures (others)
  6 plants (D:6)
  5 withered plants (D:5)
11 creatures vanquished.

Grand Total: 215 creatures vanquished

Notes
Turn   | Place    | Note
-------+----------+-------------------------------------------
     0 | D:1      | drugrobin the Demigod Warper began the quest for the Orb.
     0 | D:1      | Reached XP level 1. HP: 17/17 MP: 5/5
   442 | D:1      | Reached XP level 2. HP: 21/24 MP: 7/7
  1489 | D:2      | Reached XP level 3. HP: 29/29 MP: 8/8
  1713 | D:2      | Learned a level 2 spell: Blink
  1717 | D:2      | Learned a level 3 spell: Teleport Other
  3012 | D:3      | Reached XP level 4. HP: 33/36 MP: 9/9
  3529 | D:3      | Noticed an ogre
  3565 | D:3      | Killed an ogre
  3566 | D:3      | Reached XP level 5. HP: 25/41 MP: 3/10
  4094 | D:4      | Noticed an ogre
  4097 | D:4      | Killed an ogre
  4123 | D:4      | Noticed an ogre
  4148 | D:4      | Killed an ogre
  4149 | D:4      | Reached skill level 5 in Polearms
  4149 | D:4      | Reached XP level 6. HP: 48/48 MP: 5/11
  4799 | D:4      | Reached skill level 5 in Translocations
  4925 | D:4      | Reached XP level 7. HP: 30/53 MP: 8/12
  5382 | D:5      | Entered Level 5 of the Dungeon
  5853 | D:5      | Found a staircase to the Ecumenical Temple.
  6045 | D:5      | Saw a vision of the Shoals and the Spider Nest.
  6045 | D:5      | Noticed a merfolk siren
  6045 | D:5      | Noticed a merfolk
  6045 | D:5      | Noticed a hornet
  6046 | D:5      | Noticed a merfolk
  6047 | D:5      | Noticed a wolf spider
  6287 | D:5      | Found a transporter.
  6289 | D:5      | Noticed robertstho's ghost (weakling TrDe)
  6290 | D:5      | Found a transporter.
  6679 | D:5      | Reached XP level 8. HP: 60/60 MP: 13/13
  7216 | D:6      | Found a transporter.
  7218 | D:6      | Found a transporter.
  7224 | D:6      | Identified the +1 scale mail of Ateatit {Str-3 Dex+2 SInv}
  7224 | D:6      | Identified the -5 buckler "Ysma" {Harm Rampage Will++
                  | Str-3}
  7296 | D:6      | Noticed Prince Ribbit
  7635 | D:6      | Noticed Maggie
  8940 | D:7      | Noticed Harold
  9861 | D:7      | Reached XP level 9. HP: 39/67 MP: 14/14
 10077 | D:7      | Found Palum's Antique Armour Emporium.
 10084 | D:7      | Bought a runed cloak for 262 gold pieces
 10737 | D:6      | Killed Maggie
 10903 | D:6      | Learned a level 3 spell: Gell's Gravitas
 11018 | D:6      | Killed Prince Ribbit
 12459 | D:8      | Reached skill level 10 in Polearms
 12742 | D:8      | Reached XP level 10. HP: 64/73 MP: 15/15
 12799 | D:8      | Noticed Pikel
 12871 | D:8      | Killed Pikel
 12872 | D:8      | Reached skill level 10 in Translocations
 13421 | D:8      | Noticed an eight-headed hydra
 13449 | D:8      | HP: 5/109 [gargoyle/stone arrow (12)]
 13450 | D:8      | Killed from afar by a gargoyle

Illustrated notes

Levels and vault maps discovered:
D:1:      grunt_arrival_crossed_arrows, layout_basic,
          shapermc_ecumenical_altar_notcrosses, minmay_surrounded
D:2:      layout_basic, basic_altar, minmay_misc_feat_five
D:3:      layout_loops_ring, lightli_temple_of_fire,
          nicolae_hepliaklqana_monster_ancestors
D:4:      layout_gridville, mainiacjoe_overflow_paths,
          hangedman_decor_diamond_cutter, amcnicky_mini_pool_small,
          minmay_increasing_density
D:5:      layout_basic, kiku_gazebo_garden_becter, grunt_ashenzari_visionary
          [grunt_ashenzari_visionary_shoals, grunt_ashenzari_visionary_spider],
          minmay_temple_entry_glass, gammafunk_ghost_mausoleum
D:6:      layout_loops_ring, gammafunk_ghost_gnarly_gnolls,
          minmay_joined_circles, uniq_prince_ribbit1, uniq_maggie
D:7:      layout_loops_ring, serial_shops,
          nicolae_shop_competitors_out_of_business, minmay_unpleasant_kobolds,
          uniq_harold
D:8:      nicolae_whirlpool, layout_gridville, david_lair_shrubbed,
          minmay_shattered_shrine, uniq_pikel, uniq_gastronok

Skill      XL: |  1  2  3  4  5  6  7  8  9 10 |
---------------+-------------------------------+-----
Polearms       | 2 3 4 5 6 8 10 | 10.7
Translocations | 3 4 5 6 8 9 10 | 10.5
Fighting       | |  1.7
Throwing       | |  0.8
Armour         | |  0.8
Dodging        | |  1.7
Spellcasting   | |  1.7

Action                   |  1- 3 |  4- 6 |  7- 9 | 10-12 || total
-------------------------+-------+-------+-------+-------++-------
Melee: Spear             |   246 |   134 |   209 |       ||   589
       Punch             |     4 |     3 |     3 |       ||    10
       Halberd           |       |     6 |   317 |    61 ||   384
 Fire: Hunting sling     |    24 |    40 |   163 |       ||   227
Throw: Stone             |     9 |       |     8 |       ||    17
       Dart              |       |     4 |     7 |    12 ||    23
       Boomerang         |       |       |    10 |     1 ||    11
       Throwing net      |       |       |     1 |       ||     1
 Cast: Blink             |     1 |    11 |    16 |     3 ||    31
       Teleport Other    |       |       |     1 |       ||     1
Evoke: Wand              |       |       |     2 |     3 ||     5
  Use: Scroll            |       |       |     5 |       ||     5
       Potion            |       |       |       |     3 ||     3
 Stab: Sleeping          |     1 |     1 |     1 |       ||     3
Armor: Leather armour    |    60 |    58 |   117 |       ||   235
       Steam dragon scal |       |       |    59 |    23 ||    82
       Skin              |       |       |       |     2 ||     2
Dodge: Dodged            |   128 |    91 |   299 |    26 ||   544

Table legend: (Time is in decaauts)
 A = Elapsed time spent in this place.
 B = Non-inter-level travel time spent in this place.
 C = Inter-level travel time spent in this place.
 D = Time resting spent in this place.
 E = Time spent auto-exploring this place.
 F = Levels seen in this place.
 G = Mean time per level.
                   A        B        C        D        E       F      G
               +--------+--------+--------+--------+--------+-----+--------+
         Total |  13385 |  13146 |    239 |   1081 |   9452 |   8 | 1673.1 |
       Dungeon |  13385 |  13146 |    239 |   1081 |   9452 |   8 | 1673.1 |
               +--------+--------+--------+--------+--------+-----+--------+

Top non-repeatable levels by time:
     D:7: 2981 daAuts
     D:6: 2074 daAuts
     D:3: 1755 daAuts
     D:4: 1632 daAuts
     D:5: 1518 daAuts
     D:8: 1438 daAuts
     D:1: 1225 daAuts
     D:2: 759 daAuts
